 Dungeon Crawl Stone Soup version 0.32-a0-666-ge8a88695a4 (webtiles) character file.

Game seed: 13116121130881335816

281 ezpacito the Chopper (level 6, -8/48 HPs)
             Began as a Coglin Chaos Knight on Mar 10, 2024.
             Was a Plaything of Xom.
             Killed by an exploding orc (24 damage)
             ... ignited by their inner flame
             ... on level 4 of the Dungeon.
             The game lasted 00:03:06 (2483 turns).

ezpacito the Chopper (Coglin Chaos Knight)          Turns: 2483, Time: 00:03:06

Health: -8/48      AC:  6    Str: 14    XL:     6   Next: 27%
Magic:  7/7        EV: 12    Int: 11    God:    Xom [*.....]
Gold:   250        SH:  0    Dex: 14    Spells: 7/7 levels left

rFire   . . .        a - +0 hand axe (chaos) {Mai}
rCold   . . .        j - +1 spear (heavy) {Fatehjeet}
rNeg    . . .        b - +2 leather armour
rPois   .            e - +0 helmet
rElec   .            (no cloak)
rCorr   .            (no gloves)
SInv    .            (no boots)
Will    .....        (amulet unavailable)
Stlth   +            (ring unavailable)
HPRegen 0.28/turn    (ring unavailable)
MPRegen 0.10/turn    (no gizmo)

%: no passive effects
@: mighty, lethally poisoned (-8 -> -13), revving
A: off-hand wielding, slow wielding, warmup strikes, no jewellery
a: Invent Gizmo, Renounce Religion


You were on level 4 of the Dungeon.
You worshipped Xom.
You were a special plaything of Xom.
You visited 1 branch of the dungeon, and saw 4 of its levels.

You collected 250 gold pieces.

Inventory:

Hand Weapons
 a - a +0 hand axe of chaos (weapon) {Mai}
 j - a +1 heavy spear (offhand) {Fatehjeet}
 o - a +2 dagger of flaming
Missiles
 s - 2 boomerangs (quivered)
 u - 6 curare-tipped darts
Armour
 b - a +2 leather armour (worn)
 e - a +0 helmet (worn)
 i - a +0 plate armour
 r - a +0 chain mail
Scrolls
 c - 2 scrolls of fog {unknown}
 f - a scroll of immolation
 k - a scroll of poison {unknown}
 l - a scroll of vulnerability {unknown}
 q - a scroll of silence {unknown}
 v - a scroll of amnesia {unknown}
Potions
 g - 2 potions of brilliance {unknown}
 h - a potion of curing {unknown}
 m - a potion of mutation {unknown}
 n - a potion of ambrosia {unknown}
 p - a potion of cancellation
 t - a potion of invisibility {unknown}


   Skills:
 * Level 3.9 Fighting
 * Level 4.0(4.1) Axes
 + Level 1.3(2.6) Polearms
 * Level 3.0 Armour
 * Level 2.2 Dodging
 + Level 1.2 Stealth
 + Level 1.2 Spellcasting


You had 7 spell levels left.
You didn't know any spells.
Your spell library contained the following spells:

 Spells                   Type           Power      Damage    Failure   Level
 Slow                     Hex            0%         N/A       36%         1
 Confusing Touch          Hex            0%         N/A       75%         3
 Sigil of Binding         Hex            0%         N/A       75%         3
 Vampiric Draining        Necr           0%         2d6       75%         3


Dungeon Overview and Level Annotations

Branches:
Dungeon (4/15)
 Temple: D:4-7

Altars:
Cheibriados
Dithmenos
Kikubaaqudgha
Makhleb
Sif Muna
Yredelemnul
The Shining One


Innate Abilities, Weirdness & Mutations

You can wield a second weapon in your off-hand.
It takes a long time for you to wield or remove held weapons.
Your first few attacks do less damage.
You cannot equip rings or amulets.


Message History

You feel very sick. Xom's power flows through you!
You call out to the remnants of the fallen!
The scorpion closely misses you. The orc hits you but does no damage.
The scorpion stings you.
You take 4 damage, and have 24/48 hp.
It was a potion of might.
You feel very mighty all of a sudden.
Xom thinks this is hilarious!
You feel very sick. "Heh heh heh..."
The orc looks rather confused.
The iguana looks rather confused.
The gnoll looks rather confused. x4; The scorpion looks rather confused.
You are now a special plaything of Xom.
The orc seems less confused.
The scorpion stings you but does no damage.
The orc closely misses you.
You take 3 damage, and have 21/48 hp.
It was a potion of cancellation.
Your magical effects are unravelling.
You feel magically purged.
Xom roars with laughter!
You feel a little less mighty now.
Your fugue has ended.
You feel very sick.
The scorpion barely misses the orc.
The scorpion misses you. The orc hits you but does no damage.
The gnoll hits the orc with a +0 club.
Flame seeps out of the orc.
The gnoll gestures wildly.
You take 3 damage, and have 18/48 hp.
You feel very mighty all of a sudden.
You feel sick.
The scorpion seems to be having trouble coordinating all eight of its legs.
The scorpion stings the orc.
The orc explodes!
The fiery explosion engulfs the gnoll!!
The fiery explosion engulfs the scorpion!!
The fiery explosion engulfs you!!
Ouch! That really hurt!
You die...
Xom chuckles heartily!

.†......#)####.#
.†<######......#
..## #.###### ##
#......###
#.####..># #.#
###.# #.# #.#
#.# ####.# #.#
#..§@# #.#
#..§○§...... #.
#$.)g§......
#g..........
#..l........
.(..........
.g....#######
..#....#


You could see an iguana (inner flame, confused) and 3 gnolls.

Vanquished Creatures
  A scorpion (D:4)
  A bombardier beetle (D:3)
  An orc priest (D:3)
  2 orc wizards (D:3)
  4 gnolls
  6 adders
  3 ribbon worms (D:3)
  10 orcs
  5 endoplasms
  A giant cockroach (D:3)
  9 goblins
  5 hobgoblins
  2 quokkas
  4 ball pythons (D:3)
  5 bats
  10 frilled lizards
  8 kobolds
  6 rats
83 creatures vanquished.

Notes
Turn   | Place    | Note
-------+----------+-------------------------------------------
     0 | D:1      | ezpacito the Coglin Chaos Knight began the quest for the
                  | Orb.
     0 | D:1      | Reached XP level 1. HP: 18/18 MP: 1/1
   111 | D:1      | Reached skill level 1 in Dodging
   257 | D:1      | Reached XP level 2. HP: 24/24 MP: 2/2
   319 | D:1      | XOM: silly message
   607 | D:1      | Reached XP level 3. HP: 29/29 MP: 3/3
   954 | D:2      | XOM: 1-stop teleportation journey
  1063 | D:2      | XOM: divination: detect items
  1079 | D:2      | XOM: divination: magic mapping
  1086 | D:2      | Reached XP level 4. HP: 24/35 MP: 4/4
  1253 | D:2      | XOM: silly message
  1530 | D:3      | Found a faded altar of an unknown god.
  1589 | D:3      | Reached XP level 5. HP: 41/41 MP: 6/6
  1675 | D:3      | Reached skill level 1 in Polearms
  1715 | D:3      | Reached skill level 1 in Stealth
  1715 | D:3      | Reached skill level 1 in Spellcasting
  1766 | D:3      | XOM: noise
  1821 | D:3      | XOM: silly message
  1877 | D:3      | Reached XP level 6. HP: 48/48 MP: 7/7
  2273 | D:3      | Found a basalt altar of Yredelemnul.
  2285 | D:3      | Found a snail-covered altar of Cheibriados.
  2292 | D:3      | Found a glowing golden altar of the Shining One.
  2299 | D:3      | Found a burning altar of Makhleb.
  2316 | D:3      | Found a shadowy altar of Dithmenos.
  2322 | D:3      | Found a shimmering blue altar of Sif Muna.
  2334 | D:3      | Found an ancient bone altar of Kikubaaqudgha.
  2420 | D:3      | XOM: divination: detect creatures
  2476 | D:4      | Reached skill level 4 in Axes
  2480 | D:4      | XOM: cast spell 'Fugue of the Fallen'
  2481 | D:4      | XOM: confuse monster(s)
  2483 | D:4      | Killed by an exploding orc... ignited by their inner flame

Illustrated notes

Levels and vault maps discovered:
D:1:      evilmike_arrival_rings, layout_loops_ring,
          hangedman_decor_clover_reticule, skrybe_limestone_x,
          kennysheep_doodads, hangedman_decor_riveting, minmay_lizard_pond
D:2:      layout_basic
D:3:      cheibrodos_pilgrimage, layout_loops_ring,
          grunt_temple_overflow_octagram, ebering_ecumenical_altar_rust
D:4:      minmay_octagon_keep, layout_basic, mainiacjoe_overflow_brackets,
          uniq_robin

Skill      XL: |  1  2  3  4  5  6 |
---------------+-------------------+-----
Dodging        | 1 2 |  2.2
Armour         | 2 3 |  3.0
Polearms       | 1 |  1.3
Stealth        | 1 |  1.2
Spellcasting   | 1 |  1.2
Axes           | 4 |  4.0
Fighting       | |  3.9

Action                     |  1- 3 |  4- 6 || total
---------------------------+-------+-------++-------
  Melee: Hand axe          |    43 |    57 ||   100
         Dagger            |    17 |       ||    17
         Spear             |    43 |    87 ||   130
    Use: Potion            |     1 |     3 ||     4
         Scroll            |     1 |     1 ||     2
   Stab: Petrifying        |     1 |       ||     1
         Paralysed         |     1 |       ||     1
         Sleeping          |       |     4 ||     4
 Armour: Leather armour    |    35 |    49 ||    84
         Skin              |    11 |       ||    11
  Dodge: Dodged            |    21 |    37 ||    58

Table legend: (Time is in decaauts)
 A = Elapsed time spent in this place.
 B = Non-inter-level travel time spent in this place.
 C = Inter-level travel time spent in this place.
 D = Time resting spent in this place.
 E = Time spent auto-exploring this place.
 F = Levels seen in this place.
 G = Mean time per level.
                   A        B        C        D        E       F      G
               +--------+--------+--------+--------+--------+-----+--------+
         Total |   2526 |   2433 |     93 |     98 |   1856 |   4 |  631.5 |
       Dungeon |   2526 |   2433 |     93 |     98 |   1856 |   4 |  631.5 |
               +--------+--------+--------+--------+--------+-----+--------+

Top non-repeatable levels by time:
     D:3: 970 daAuts
     D:1: 957 daAuts
     D:2: 559 daAuts
     D:4: 40 daAuts
